 Dungeon Crawl Stone Soup version 0.27-a0-277-g024f7ef292 (webtiles) character file.

Game seed: 1805166844671230512

175 hatsuma the Magician (level 5, -1/29 HPs)
             Began as a Deep Elf Fire Elementalist on Feb 5, 2021.
             Killed from afar by Natasha (10 damage)
             ... with a magic dart
             ... on level 3 of the Dungeon.
             The game lasted 00:24:15 (3503 turns).

hatsuma the Magician (Deep Elf Fire Elementalist)   Turns: 3503, Time: 00:24:17

Health: -1/29      AC:  0    Str:  5    XL:     5   Next: 29%
Magic:  11/14      EV: 20    Int: 21    God:
Gold:   163        SH:  0    Dex: 20    Spells: 3/14 levels left

rFire    . . .     SeeInvis .   (weapon currently unavailable)
rCold    . . .     Faith    .   (shield currently unavailable)
rNeg     . . .     Spirit   .   (armour currently unavailable)
rPois    .         Reflect  .   (helmet currently unavailable)
rElec    .         Harm     .   (cloak currently unavailable)
rCorr    .         Rampage  .   (gloves currently unavailable)
Will     .....                  (boots currently unavailable)
Stlth    ++........             (no amulet)
HPRegen  0.09/turn              (ring currently unavailable)
MPRegen  0.14/turn              (ring currently unavailable)

@: bat-form, flying, very quick
A: tiny
a: Stop Flying


You were on level 3 of the Dungeon.
You were in bat-form.
You visited 1 branch of the dungeon, and saw 3 of its levels.

You collected 163 gold pieces.

Inventory:

Missiles
 h - a throwing net
 k - 6 curare-tipped darts
 l - 4 boomerangs (quivered)
 m - 36 arrows
Armour
 a - a +0 robe (melded)
 g - a +0 pair of gloves (melded)
 n - a +0 helmet (melded)
 r - a +0 leather armour of fire resistance
Magical Staves
 t - an uncursed staff of conjuration (melded)
Jewellery
 e - a +4 ring of evasion {unknown}
 i - a +4 ring of protection {unknown}
 s - an uncursed amulet of guardian spirit
Wands
 q - a wand of polymorph (4)
Scrolls
 d - a scroll of fear {unknown}
 f - a scroll of fog
 j - a scroll of immolation
 p - a scroll of teleportation
Potions
 b - a potion of flight {unknown}
 c - a potion of degeneration {unknown}


   Skills:
 - Level 1.1 Fighting
 - Level 2.4 Dodging
 - Level 2.4 Stealth
 - Level 5.1 Spellcasting
 + Level 3.5 Conjurations
 - Level 4.0 Fire Magic


You had 3 spell levels left.
You knew the following spells:

 Your Spells              Type           Power        Failure   Level
a - Foxfire               Conj/Fire      84%          2%          1
b - Conjure Flame         Conj/Fire      21%          7%          3
c - Inner Flame           Hex/Fire       13%          14%         3
d - Sticky Flame          Conj/Fire      21%          22%         4

Your spell library contained the following spells:

 Spells                   Type           Power        Failure   Level
 Fireball                 Conj/Fire      10%          54%         5


Dungeon Overview and Level Annotations

Branches:
Dungeon (3/15)

Altars:

Annotations:
D:3 Natasha


Message History

Natasha is almost dead.
The crimson imp blinks!
The crimson imp hits you but does no damage.
Natasha zaps a wand.
You turn into a bat.
Your uncursed staff of conjuration melds into your body.
Your +0 helmet melds into your body.
Your +0 pair of gloves melds into your body.
Your +0 robe melds into your body.
You hit Natasha but do no damage.
Natasha is almost dead.
The crimson imp blinks!
The crimson imp misses you.
Natasha stares at you and mumbles some strange words.
The magic dart hits you.
You hit Natasha but do no damage.
Natasha is almost dead.
The crimson imp shouts, "Crawl home, thou fobbing earth-vexing blabberskite!"
The crimson imp misses you. Natasha casts a spell at you.
The magic dart hits you!
You die...

....#5#
#.#
#..§..#
#§#
......#
#.#
....###
#.# ....
#5# ....
###.#
....
#§5.#
..#.
#h######
###.
#b5....#
######.#
#.# #.#
#.# #.#
#.# #.#
#.#


You could see Natasha and 3 crimson imps.

Vanquished Creatures
  Ijyb (D:3)
  Natasha (D:3)
  Robin (D:2)
  4 adders
  An ooze (D:2)
  A worm (D:2)
  2 leopard geckos (D:2)
  3 orcs (D:3)
  A ball python (D:2)
  7 bats
  5 giant cockroaches
  10 goblins
  11 hobgoblins
  9 kobolds
  A quokka (D:2)
  3 frilled lizards
  5 rats
66 creatures vanquished.

Vanquished Creatures (others)
  150 foxfires
150 creatures vanquished.

Grand Total: 216 creatures vanquished

Notes
Turn   | Place    | Note
-------+----------+-------------------------------------------
     0 | D:1      | hatsuma the Deep Elf Fire Elementalist began the quest for
                  | the Orb.
     0 | D:1      | Reached XP level 1. HP: 10/10 MP: 6/6
   350 | D:1      | Reached XP level 2. HP: 9/15 MP: 6/8
  1148 | D:2      | Reached skill level 4 in Spellcasting
  1420 | D:2      | Reached XP level 3. HP: 19/19 MP: 8/10
  1540 | D:2      | Noticed Robin
  1582 | D:2      | Killed Robin
  1937 | D:2      | Reached skill level 1 in Fighting
  2034 | D:2      | Reached XP level 4. HP: 25/25 MP: 8/12
  2039 | D:2      | Learned a level 3 spell: Conjure Flame
  2043 | D:2      | Learned a level 3 spell: Inner Flame
  2048 | D:2      | Learned a level 4 spell: Sticky Flame
  2538 | D:3      | Noticed a sky beast
  2693 | D:3      | HP: 1/25 [orc/+0 dagger (2)]
  3099 | D:3      | Reached skill level 5 in Spellcasting
  3226 | D:3      | Noticed Ijyb
  3252 | D:3      | Killed Ijyb
  3253 | D:3      | Reached XP level 5. HP: 28/29 MP: 9/14
  3343 | D:3      | Noticed Natasha
  3350 | D:3      | Killed Natasha
  3442 | D:3      | Noticed Natasha
  3503 | D:3      | Killed from afar by Natasha

Illustrated notes

Levels and vault maps discovered:
D:1:      lemuel_arrival_muddy, layout_basic
D:2:      layout_basic, uniq_robin
D:3:      layout_loops_ring, uniq_grinder, uniq_ijyb, uniq_natasha

Skill      XL: |  1  2  3  4 |
---------------+-------------+-----
Conjurations   | 2 3 |  3.5
Spellcasting   | 4 5 |  5.1
Fighting       | 1 |  1.1
Fire Magic     | 4 |  4.0
Dodging        | |  2.4
Stealth        | |  2.4

Action                   |  1- 3 |  4- 6 || total
-------------------------+-------+-------++-------
Melee: Unarmed           |     9 |     2 ||    11
       Quarterstaff      |     4 |    31 ||    35
       Staff             |       |     9 ||     9
Throw: Boomerang         |     3 |       ||     3
       Stone             |     1 |       ||     1
 Cast: Foxfire           |    51 |    41 ||    92
  Use: Scroll            |     6 |     1 ||     7
 Stab: Sleeping          |     2 |     3 ||     5
Armor: Robe              |    15 |    12 ||    27
Dodge: Dodged            |    20 |    46 ||    66

Table legend: (Time is in decaauts)
 A = Elapsed time spent in this place.
 B = Non-inter-level travel time spent in this place.
 C = Inter-level travel time spent in this place.
 D = Time resting spent in this place.
 E = Time spent auto-exploring this place.
 F = Levels seen in this place.
 G = Mean time per level.
                   A        B        C        D        E       F      G
               +--------+--------+--------+--------+--------+-----+--------+
         Total |   3520 |   3323 |    197 |    441 |   1700 |   3 | 1173.3 |
       Dungeon |   3520 |   3323 |    197 |    441 |   1700 |   3 | 1173.3 |
               +--------+--------+--------+--------+--------+-----+--------+

Top non-repeatable levels by time:
     D:2: 1881 daAuts
     D:1: 1070 daAuts
     D:3: 568 daAuts
